 Dungeon Crawl Stone Soup version 0.28-a0-1624-g820543e53a (webtiles) character file.

Game seed: 1039615967936206074

219 croobank the Sneak (level 5, -4/25 HPs)
             Began as a Felid Delver on Jan 24, 2022.
             Was an Initiate of Yredelemnul.
             Slain by Blork the orc (13 damage)
             ... on level 4 of the Dungeon.
             The game lasted 00:21:39 (4840 turns).

croobank the Sneak (Felid Delver)                   Turns: 4840, Time: 00:21:43

Health: -4/25      AC:  1    Str: 15 (16) XL:     5   Next: 64%
Magic:  1/6        EV: 19    Int:  9 (12) God:    Yredelemnul [......]
Gold:   101        SH:  0    Dex: 15 (17) Spells: 3/4 levels left
                                        Lives:  0   Deaths: 1

rFire   . . .      SeeInvis +     - Unarmed
rCold   . . .      Faith    .   (shield unavailable)
rNeg    . . .      Spirit   .   (armour unavailable)
rPois   .          Reflect  .   (helmet unavailable)
rElec   .          Harm     .   (cloak unavailable)
rCorr   .          Rampage  .   (gloves unavailable)
Will    .....                   (boots unavailable)
Stlth   ++++......              (no amulet)
HPRegen 0.08/turn               r - +6 ring of strength
MPRegen 0.10/turn               (no ring)

@: very slightly contaminated, quick
A: very small, claws 1, fangs 3, see invisible, speed 1, shaggy fur 1, stealthy
paws, no weapons or thrown items, no armour, multi-lived
a: Renounce Religion, Recall Undead Harvest


You were on level 4 of the Dungeon.
You worshipped Yredelemnul.
Yredelemnul was noncommittal.
You visited 1 branch of the dungeon, and saw 5 of its levels.

You collected 101 gold pieces.

Inventory:

Missiles
 b - 16 arrows
 k - 6 poisoned darts
 n - 146 stones
Jewellery
 r - a +6 ring of strength (left paw)
 t - a ring of ice
Wands
 e - a wand of digging (10)
 f - a wand of mindburst (7)
 g - a wand of iceblast (5)
Scrolls
 a - 2 scrolls of fog
 l - 2 scrolls of vulnerability
 o - a scroll of immolation {unknown}
 s - a scroll of teleportation {unknown}
Potions
 c - 2 potions of lignification
 i - 2 potions of curing {unknown}
 j - a potion of cancellation {unknown}
 p - a potion of flight {unknown}
 q - a potion of brilliance {unknown}


   Skills:
 + Level 4.2 Fighting
 + Level 4.7 Dodging
 + Level 7.9 Stealth
 + Level 3.5 Unarmed Combat


You had 3 spell levels left.
You knew the following spells:

 Your Spells              Type           Power      Damage    Failure   Level
a - Foxfire               Conj/Fire      0%         2x1d4     38%         1

Your spell library contained the following spells:

 Spells                   Type           Power      Damage    Failure   Level
 Magic Dart               Conj           0%         1d3       38%         1
 Searing Ray              Conj           0%         2d4       52%         2
 Conjure Flame            Conj/Fire      0%         6-21      77%         3
 Inner Flame              Hex/Fire       0%         N/A       77%         3
 Tukima's Dance           Hex            0%         N/A       77%         3
 Flame Wave               Conj/Fire      0%         2d4       99%         4
 Fulminant Prism          Conj/Hex       0%         3d6       99%         4
 Passage of Golubria      Tloc           0%         N/A       99%         4
 Yara's Violent Unravell  Hex/Tmut       0%         3d3       100%        5


Dungeon Overview and Level Annotations

Branches:
Dungeon (5/15)
 Temple: D:4-7

Altars:
Dithmenos
Fedhas
Makhleb
Nemelex Xobeh
Wu Jian
Xom
Yredelemnul

Annotations:
D:4 Blork the orc


Innate Abilities, Weirdness & Mutations

You have sharp claws.
You have razor-sharp teeth.
You have supernaturally acute eyesight. (SInv)
You cover ground quickly. (Speed+)
You are covered in fur. (AC +1)
Your paws help you pounce on unaware monsters.
You are incapable of wielding weapons or throwing items.
You cannot wear armour.
You gain extra lives every three experience levels.


Message History

Casting: Foxfire (safe; 38% risk of failure)
Confirm with . or Enter, or press ? or * to list all spells.
You conjure some foxfire!
Casting: Foxfire (safe; 38% risk of failure)
Confirm with . or Enter, or press ? or * to list all spells.
You conjure some foxfire!
The foxfire hits Blork the orc but does no damage.
Your gnoll zombie hits something but does no damage.
Something hits your gnoll zombie. Something hits your foxfire!
Something hits your gnoll zombie!
Your gnoll zombie hits something.
A scorpion comes into view.
Found a crude ring mail.
Casting: Foxfire (safe; 38% risk of failure)
Confirm with . or Enter, or press ? or * to list all spells.
You conjure some foxfire!
Your foxfire dissipates!
The foxfire hits Blork the orc.
Blork the orc is lightly wounded.
Your magical contamination has completely faded away.
You claw Blork the orc!
Blork the orc is heavily wounded.
The foxfire hits Blork the orc.
Blork the orc is heavily wounded.
Blork the orc screams, "I'm much stronger than you!"
Blork the orc misses you.
You scratch Blork the orc but do no damage.
Blork the orc is heavily wounded.
Blork the orc hits you with a +0 battleaxe!
Ouch! That really hurt!
Blork the orc hits your gnoll zombie with a +0 battleaxe!
Your gnoll zombie is destroyed!
Casting: Foxfire (safe; 38% risk of failure)
Confirm with . or Enter, or press ? or * to list all spells.
You miscast Foxfire.
You are very lightly contaminated with residual magic.
Nothing appears to happen.
Blork the orc hits you with a +0 battleaxe!
Ouch! That really hurt!
You die...
Your body rises from the dead as a mindless zombie.

#.. ..# ..[... ##.# ...#
..... . ##.## ... .......
#.... ..# ##....... #..##.
#.# #........ #g# #.
#..###..#... #.# ##
#..##...# ##.. #
###.s.o@..# ##). ####
#....#)...## ##..# #...
#...##<#....###...## #.##
....###..#...........###.#.
..# ##...##..##............
. #....##...# #......#.#.
##....###..###......#.##
##.....# #...##......#...
#.....## ##..##......####


You could see Blork the orc (fast) and a scorpion.

Vanquished Creatures
  An orc priest (D:3)
  An orc wizard (D:3)
  Natasha (D:3)
  Ijyb (D:3)
  Robin (D:3)
  3 gnolls
  2 adders
  An adder skeleton (D:4)
  2 worms
  3 dart slugs
  5 orcs (D:3)
  4 ball pythons
  5 endoplasms
  A giant cockroach (D:1)
  2 hobgoblins
  2 jackals (D:3)
  5 kobolds
  3 bats
  2 frilled lizards (D:2)
  10 goblins
  4 rats
59 creatures vanquished.

Vanquished Creatures (collateral kills)
  An adder (D:3)
  A dart slug (D:1)
  An endoplasm (D:1)
  2 giant cockroaches (D:1)
  3 goblins
  A kobold (D:1)
  A ball python (D:1)
  3 rats
13 creatures vanquished.

Vanquished Creatures (others)
  A worm zombie (D:4)
  A bat zombie (D:1)
  A gnoll zombie (D:4)
  2 giant cockroach zombies (D:1)
  4 goblin zombies
  A hobgoblin zombie (D:1)
  A jackal zombie (D:3)
  A kobold zombie (D:1)
  5 orc zombies (D:3)
  A spectral endoplasm (D:1)
  76 foxfires
  A fungus (D:1)
95 creatures vanquished.

Grand Total: 167 creatures vanquished

Notes
Turn   | Place    | Note
-------+----------+-------------------------------------------
     0 | D:5      | croobank the Felid Delver began the quest for the Orb.
     0 | D:5      | Reached XP level 1. HP: 10/10 MP: 2/2
   161 | D:4      | Found a basalt altar of Yredelemnul.
   169 | D:4      | Became a worshipper of Yredelemnul the Dark
   301 | D:3      | Noticed Natasha
   399 | D:2      | Reached XP level 2. HP: 14/14 MP: 3/3
   769 | D:1      | Reached * piety under Yredelemnul
   924 | D:1      | Reached XP level 3. HP: 17/17 MP: 4/4
   956 | D:1      | Found a faded altar of an unknown god.
  1038 | D:1      | Reached skill level 7 in Stealth
  1348 | D:1      | Learned a level 1 spell: Foxfire
  2371 | D:3      | Reached XP level 4. HP: 16/21 MP: 1/5
  2450 | D:3      | Noticed Ijyb
  2482 | D:3      | Noticed Robin
  2500 | D:3      | Slain by a goblin
  2501 | D:3      | Reached XP level 3. HP: -2/17 MP: 1/4
  2890 | D:3      | Killed Natasha
  3201 | D:3      | Found a shadowy altar of Dithmenos.
  3202 | D:3      | Found an ornate altar of the Wu Jian Council.
  3257 | D:3      | Reached XP level 4. HP: 10/22 MP: 2/5
  3685 | D:3      | Killed Robin
  3694 | D:3      | Reached XP level 5. HP: 18/25 MP: 3/6
  3778 | D:3      | Found a burning altar of Makhleb.
  3827 | D:3      | Killed Ijyb
  4067 | D:3      | Found a sparkling altar of Nemelex Xobeh.
  4347 | D:4      | Noticed Blork the orc
  4353 | D:3      | Found a blossoming altar of Fedhas.
  4353 | D:3      | Found a shimmering altar of Xom.
  4840 | D:4      | Slain by Blork the orc

Illustrated notes

Levels and vault maps discovered:
D:1:      dpeg_arrival_prison, layout_loops_cross, basic_ecumenical_altar,
          corexii_item_surrounded_by_moat
D:2:      minmay_door_path, layout_basic, columned_hall_lemuel
D:3:      layout_loops_ring, mainiacjoe_overflow_alcove_2,
          mainiacjoe_overflow_small_starburst, nicolae_overflow_hidden_temple,
          uniq_robin, uniq_ijyb, uniq_natasha
D:4:      layout_cave_pods, nicolae_overflow_crystal_walls, uniq_blork_the_orc,
          uniq_menkaure
D:5:      layout_cave_pools, mainiacjoe_overflow_tiny_flanked, uniq_eustachio,
          uniq_grinder, uniq_duvessa

Skill      XL: |  1  2  3  4 |
---------------+-------------+-----
Dodging        | 3 4 |  4.7
Stealth        | 7 |  7.9
Unarmed Combat | 3 |  3.5
Fighting       | 4 |  4.2

Action                   |  1- 3 |  4- 6 || total
-------------------------+-------+-------++-------
Melee: Unarmed           |    67 |    46 ||   113
       Bite              |    12 |     5 ||    17
       Punch             |     1 |     2 ||     3
 Cast: Foxfire           |    27 |    30 ||    57
Evoke: Wand              |     2 |     3 ||     5
  Use: Potion            |     2 |     2 ||     4
       Scroll            |     1 |     5 ||     6
 Stab: Sleeping          |    10 |     1 ||    11
Armor: Skin              |     5 |     2 ||     7
Dodge: Dodged            |    33 |    36 ||    69

Table legend: (Time is in decaauts)
 A = Elapsed time spent in this place.
 B = Non-inter-level travel time spent in this place.
 C = Inter-level travel time spent in this place.
 D = Time resting spent in this place.
 E = Time spent auto-exploring this place.
 F = Levels seen in this place.
 G = Mean time per level.
                   A        B        C        D        E       F      G
               +--------+--------+--------+--------+--------+-----+--------+
         Total |   4334 |   4235 |     99 |    953 |   2363 |   5 |  866.8 |
       Dungeon |   4334 |   4235 |     99 |    953 |   2363 |   5 |  866.8 |
               +--------+--------+--------+--------+--------+-----+--------+

Top non-repeatable levels by time:
     D:3: 2106 daAuts
     D:2: 855 daAuts
     D:1: 829 daAuts
     D:4: 530 daAuts
     D:5: 13 daAuts
